 Dungeon Crawl Stone Soup version 0.30-a0-364-gf6b3ef1049 (webtiles) character file.

Game seed: 9562478881160768448

70 Devinter the Grasshopper (level 4, 0/27 HPs)
             Began as a Kobold Warper on Nov 14, 2022.
             Killed from afar by Natasha (4 damage)
             ... with a magic dart
             ... on level 2 of the Dungeon.
             The game lasted 00:09:35 (1754 turns).

Devinter the Grasshopper (Kobold Warper)            Turns: 1754, Time: 00:09:36

Health: 0/27       AC:  3    Str:  8    XL:     4   Next: 45%
Magic:  7/7        EV: 15    Int: 14    God:
Gold:   93         SH:  0    Dex: 22    Spells: 5/8 levels left

rFire   . . .      SeeInvis .    q - +1 dagger (holy)
rCold   . . .      Faith    .    (no shield)
rNeg    . . .      Spirit   .    b - +0 leather armour
rPois   .          Reflect  .    (no helmet)
rElec   .          Harm     .    (no cloak)
rCorr   .          Rampage  .    (no gloves)
Will    .....                    (no boots)
Stlth   +++.......               (no amulet)
HPRegen 0.24/turn                r - +6 ring of dexterity
MPRegen 0.10/turn                (no ring)

@: invisible
A: small, no large weapons, nightstalker 3
a: no special abilities


You were on level 2 of the Dungeon.
You visited 1 branch of the dungeon, and saw 2 of its levels.

You collected 93 gold pieces.

Inventory:

Hand Weapons
 a - a +0 short sword
 q - a +1 dagger of holy wrath (weapon)
Missiles
 d - 5 boomerangs of dispersal
Armour
 b - a +0 leather armour (worn)
Jewellery
 j - a ring of fire
 k - an amulet of faith
 r - a +6 ring of dexterity (left hand)
Wands
 u - a wand of roots (11)
Scrolls
 c - a scroll of blinking
 f - 2 scrolls of identify
 g - a scroll of magic mapping {unknown}
 l - a scroll of poison {unknown}
 p - 2 scrolls of teleportation {unknown}
 s - a scroll of enchant weapon {unknown}
Potions
 e - a potion of flight {unknown}
 h - a potion of berserk rage {unknown}
 n - a potion of resistance {unknown}
 o - 2 potions of attraction
 t - a potion of lignification {unknown}


   Skills:
 + Level 2.7 Fighting
 - Level 3.0 Short Blades
 + Level 1.8 Throwing
 - Level 1.0 Armour
 - Level 3.0 Dodging
 * Level 2.6 Stealth
 + Level 2.6 Spellcasting
 - Level 3.0 Translocations
 + Level 0.3 Poison Magic


You had 5 spell levels left.
You knew the following spells:

 Your Spells              Type           Power      Damage    Failure   Level
a - Blink                 Tloc           20%        N/A       14%         2
b - Sting                 Tmut/Pois      8%         1d3       30%         1

Your spell library contained the following spells:

 Spells                   Type           Power      Damage    Failure   Level
 Lesser Beckoning         Tloc           20%        N/A       28%         3
 Teleport Other           Tloc           10%        N/A       28%         3
 Poisonous Vapours        Pois/Air       4%         N/A       41%         2
 Vhi's Electric Charge    Tloc/Air       12%        N/A       45%         3
 Manifold Assault         Tloc           10%        N/A       67%         4
 Olgreb's Toxic Radiance  Pois           2%         N/A       95%         4


Dungeon Overview and Level Annotations

Branches:
Dungeon (2/15)

Altars:

Annotations:
D:2 Natasha


Innate Abilities, Weirdness & Mutations

You are small and have problems with some larger weapons.
You are completely attuned to the shadows.


Message History

* * * LOW HITPOINT WARNING * * *
Cast which spell? (? or * to list)
Okay, then.
Throw: 7 boomerangs (disperse)
Press: ? - help, Q - select action, (/) - cycle Shift-Dir - straight line, f - Natasha
Aim: Natasha (lightly wounded, 58% to hit)
You throw a boomerang of dispersal.
The boomerang of dispersal hits Natasha.
Natasha blinks!
Natasha is moderately wounded.
Throw: 6 boomerangs (disperse)
Press: ? - help, Q - select action, (/) - cycle Shift-Dir - straight line, f/p - Natasha
Aim: Natasha (moderately wounded, 58% to hit)
You throw a boomerang of dispersal.
The boomerang of dispersal hits Natasha but does no damage.
Natasha is moderately wounded.
Natasha completely misses you.
Cast which spell? (? or * to list)
Aiming: Sting (safe; 30% risk of failure)
Press: ? - help, Shift-Dir - straight line, f/p - Natasha
Aim: Natasha (moderately wounded, 55% to hit)
The sting hits Natasha but does no damage.
Natasha is poisoned.
Natasha is moderately wounded.
Natasha claws you!
* * * LOW HITPOINT WARNING * * *
As you read the scroll labelled GEMETU LES DYN, it crumbles to dust.
It is a scroll of identify.
o - 2 potions of attraction Natasha claws you but does no damage.
It was a potion of magic.
Magic courses through your body.
Natasha casts a spell.
It was a potion of invisibility.
You fade into invisibility!
Natasha claws you but does no damage. The crimson imp closely misses you.
You hit Natasha.
Natasha is almost dead.
Natasha stares at you and mumbles some strange words.
The magic dart hits you.
You die...

#..#.....#. ## #.....#...
#..##.#.## ##......#
###....# # #....# #.
##.#.# #.#####. #.#.#
#.h..... #.#.# ###.@....
#.#.. ....5.##. ##.##
###...... ##.#.## #..#####
##.###.## #..###.## ##.##
##.### #.......#### ..##
##..# #.<#.......# ##.##
##>#.## #..##...##.#
###.###.#...###..##..###.#


You could see Natasha (poisoned) and a crimson imp (summoned, unable to see
you).

Vanquished Creatures
  2 adders (D:2)
  A gnoll (D:1)
  A worm (D:2)
  2 endoplasms
  2 giant cockroaches (D:2)
  4 goblins
  6 hobgoblins
  2 quokkas
  5 ball pythons (D:2)
  3 bats (D:1)
  2 frilled lizards (D:1)
  7 kobolds
  3 rats
40 creatures vanquished.

Notes
Turn   | Place    | Note
-------+----------+-------------------------------------------
     0 | D:1      | Devinter the Kobold Warper began the quest for the Orb.
     0 | D:1      | Reached XP level 1. HP: 12/12 MP: 3/3
   296 | D:1      | Reached skill level 1 in Stealth
   296 | D:1      | Reached XP level 2. HP: 15/17 MP: 5/5
   454 | D:1      | Reached skill level 1 in Armour
   612 | D:1      | Reached skill level 3 in Short Blades
   612 | D:1      | Reached skill level 2 in Stealth
   612 | D:1      | Reached XP level 3. HP: 21/22 MP: 6/6
   836 | D:1      | You fall into a shaft and drop 1 floor!
   858 | D:2      | Learned a level 2 spell: Blink
   860 | D:2      | Learned a level 1 spell: Sting
  1344 | D:2      | Reached XP level 4. HP: 27/27 MP: 7/7
  1619 | D:2      | Reached skill level 3 in Dodging
  1741 | D:2      | Noticed Natasha
  1754 | D:2      | Killed from afar by Natasha

Illustrated notes

Levels and vault maps discovered:
D:1:      minmay_arrival_up_and_down, layout_basic
D:2:      layout_loops_ring, minmay_misc_feat_five, minmay_bisected,
          uniq_natasha

Skill      XL: |  1  2  3  4 |
---------------+-------------+-----
Stealth        | 1 2 |  2.6
Armour         | 1 |  1.0
Short Blades   | 3 |  3.0
Dodging        | 3 |  3.0
Fighting       | |  2.7
Throwing       | |  1.8
Spellcasting   | |  2.6
Translocations | |  3.0
Poison Magic   | |  0.3

Action                   |  1- 3 |  4- 6 || total
-------------------------+-------+-------++-------
Melee: Short sword       |    89 |       ||    89
       Dagger            |    20 |    34 ||    54
Throw: Boomerang         |       |     2 ||     2
 Cast: Sting             |       |     1 ||     1
  Use: Potion            |       |     2 ||     2
       Scroll            |       |     1 ||     1
 Stab: Sleeping          |    12 |     3 ||    15
Armor: Leather armour    |    22 |     4 ||    26
Dodge: Dodged            |    69 |    20 ||    89

Table legend: (Time is in decaauts)
 A = Elapsed time spent in this place.
 B = Non-inter-level travel time spent in this place.
 C = Inter-level travel time spent in this place.
 D = Time resting spent in this place.
 E = Time spent auto-exploring this place.
 F = Levels seen in this place.
 G = Mean time per level.
                   A        B        C        D        E       F      G
               +--------+--------+--------+--------+--------+-----+--------+
         Total |   1733 |   1684 |     49 |    130 |    507 |   2 |  866.5 |
       Dungeon |   1733 |   1684 |     49 |    130 |    507 |   2 |  866.5 |
               +--------+--------+--------+--------+--------+-----+--------+

Top non-repeatable levels by time:
     D:1: 1053 daAuts
     D:2: 679 daAuts
